 Dungeon Crawl Stone Soup version 0.24-a0-507-g3e8b242632 (webtiles) character file.

Game seed: 16820960568567655304

40 Gynju the Sneak (level 3, -6/24 HPs)
             Began as a Vampire Enchanter on July 19, 2019.
             Killed from afar by Sigmund (11 damage)
             ... with a puff of flame
             ... on level 2 of the Dungeon.
             The game lasted 00:04:01 (1462 turns).

Gynju the Sneak (Vampire Enchanter)                 Turns: 1462, Time: 00:04:02

Health: -6/24      AC:  3    Str:  7    XL:     3   Next: 30%
Magic:  3/6        EV: 13    Int: 17    God:
Gold:   26         SH:  0    Dex: 15    Spells: 2/6 levels left

rFire    . . .     SeeInvis +   k - +0 dagger (vamp)
rCold    . . .     Gourm    .   (no shield)
rNeg     . . .     Faith    .   b - +0 robe
rPois    .         Spirit   .   (no helmet)
rElec    .         Reflect  .   (no cloak)
rCorr    .         Harm     .   e - +0 pair of gloves
MR       .....                  (no boots)
Stlth    +++.......             (no amulet)
HPRegen  0.28/turn              (no ring)
MPRegen  0.10/turn              (no ring)

@: lethally poisoned (-6 -> -6), regenerating quickly
A: no food, fangs 3, see invisible, unbreathing
a: Exsanguinate


You were on level 2 of the Dungeon.
You were alive.

You visited 1 branch of the dungeon, and saw 2 of its levels.

You collected 26 gold pieces.

Inventory:

Hand Weapons
 a - a +1 dagger
 k - a +0 vampiric dagger (weapon)
Armour
 b - a +0 robe (worn)
 e - a +0 pair of gloves (worn)
Jewellery
 f - an uncursed ring of fire {unknown}
Scrolls
 c - a scroll of remove curse {unknown}
 h - 2 scrolls of teleportation {unknown}
 i - 2 scrolls of identify {unknown}
 j - a scroll of fear {unknown}
Potions
 d - 2 potions of ambrosia {unknown}
 g - 2 potions of berserk rage {unknown}


   Skills:
 + Level 1.8 Short Blades
 + Level 2.7 Dodging
 + Level 4.9 Stealth
 + Level 2.4 Spellcasting
 + Level 4.8 Hexes


You had 2 spell levels left.
You knew the following spells:

 Your Spells              Type           Power        Failure   Level  Hunger
a - Corona                Hex            ###....      2%          1    N/A
b - Confuse               Hex            ###.....     8%          3    N/A

Your spell library contained the following spells:

 Spells                   Type           Power        Failure   Level  Hunger
 Ensorcelled Hibernation  Hex/Ice        ##....       11%         2    N/A
 Tukima's Dance           Hex            ###.....     8%          3    N/A
 Dazzling Spray           Conj/Hex       ##....       21%         3    N/A

Dungeon Overview and Level Annotations

Branches:
Dungeon (2/15)

Altars:
Vehumet
The Shining One

Annotations:
D:2 Sigmund


Innate Abilities, Weirdness & Mutations

You do not eat.
Your natural rate of healing is unusually fast.
You have razor-sharp teeth.
You have supernaturally acute eyesight. (SInv)
You can survive without breathing.


Message History

Sigmund points at you and mumbles some strange words.
The puff of flame hits you.
You bump into the rock wall.
You feel sick. Sigmund closely misses you.
You feel less confused.
You feel sick. Sigmund casts a spell at you. The puff of flame hits you!
Ouch! That really hurt!
* * * LOW HITPOINT WARNING * * *
You feel sick.
Sigmund mumbles some strange words.
Sigmund flickers and vanishes for a moment.
You feel sick. The ball python barely misses you. The ball python grabs you.
The ball python constricts you.
You escape the ball python's grasp.
You feel sick. Sigmund gestures at you while chanting.
The puff of flame hits you!
You die...

..# ##..##......# ..#
##...#######.# ..#
####....# #.# .##.....###
#.# ..........#### #.#
#.#.....l@...####.#####
......................#
.#.#......†...........#
.#.._..........S@.......#
.###.#.......>.....<....#
.###.#..##...############
.##..........#
........####.###
....########...#
.#.......)..##.#
).#.#######..#.#
....#.....<#.....#


You could see Sigmund (invisible), a ball python and a frilled lizard.

Vanquished Creatures
  A worm (D:2)
  2 dart slugs (D:1)
  A leopard gecko (D:1)
  4 ball pythons
  3 bats
  8 goblins
  3 hobgoblins (D:1)
  A quokka (D:2)
  A frilled lizard (D:2)
  4 kobolds
  2 rats
30 creatures vanquished.

Notes
Turn   | Place    | Note
-------+----------+-------------------------------------------
     0 | D:1      | Gynju the Vampire Enchanter began the quest for the Orb.
     0 | D:1      | Reached XP level 1. HP: 13/13 MP: 3/3
   194 | D:1      | Reached XP level 2. HP: 13/19 MP: 1/5
   318 | D:1      | Found a glowing golden altar of the Shining One.
  1151 | D:1      | Reached XP level 3. HP: 24/24 MP: 2/6
  1156 | D:1      | Learned a level 3 spell: Confuse
  1365 | D:2      | Found a radiant altar of Vehumet.
  1421 | D:2      | Noticed Sigmund
  1462 | D:2      | Killed from afar by Sigmund

Levels and vault maps discovered:
D:1:      sevenhm_arrival_forest_fort_large_2, layout_loops_ring, tso_metal_star
D:2:      layout_rooms, lemuel_crystal_altar, uniq_sigmund

Action                   || total
-------------------------++-------
Melee: Dagger            ||   135
       Bite              ||    14
 Cast: Corona            ||    26
       Confuse           ||     6
 Stab: Sleeping          ||     3
       Confused          ||     1
Armor: Robe              ||    34
Dodge: Dodged            ||   117

Table legend:
 A = Non-vault XP
 B = Vault XP
 C = Vault XP percentage of total XP
 D = Non-vault monster count
 E = Vault monster count
 F = Vault count percentage of total count
                 A         B        C        D         E       F
            +---------+---------+-------+---------+---------+-------
      Total |      58 |       0 |   0.0 |      30 |       0 |   0.0
            +---------+---------+-------+---------+---------+-------
        D:1 |      41 |       0 |   0.0 |      21 |       0 |   0.0
        D:2 |      17 |       0 |   0.0 |       9 |       0 |   0.0
            +---------+---------+-------+---------+---------+-------
